AoeStats
← edgardo_169

Arabian Desert

510401746Analyzed
1v1 RM · 2d ago on Sep 30, 2026· 54m 42s· 2 players
Game mode
Random Map
Map size
Tiny (2 player)
Population
200
Speed
Normal
Resources
Standard
Victory
Conquest
Starting age
Dark Age
Ending age
Imperial Age
RankedLock teamsTeams togetherTeam positionsShared explorationLock speedFull tech treeHidden civsTurbo modeCheats
Victory
Defeat
🇲🇽 Italians · Mexico
877
+34
🇲🇽 Berbers · Mexico
913
-18
rancira95
12:08 Feudal Age
18:04 Castle Age
17:10 Gold Mining
25:31 Fletching
27:41 Ballistics
37:12 Imperial Age
36:36 Bodkin Arrow
38:54 Chemistry
45:23 Bracer
45:23 Padded Archer Armor
edgardo_169
11:42 Feudal Age
12:14 Double-Bit Axe
12:10 Horse Collar
18:19 Castle Age
18:34 Loom
19:45 Scale Barding Armor
19:31 Fletching
21:37 Wheelbarrow
21:09 Heavy Plow
23:18 Town Watch
32:34 Bodkin Arrow
34:10 Bow Saw
34:22 Hand Cart
40:29 Imperial Age
40:02 Padded Archer Armor
39:54 Elite Skirmisher
41:02 Leather Archer Armor
41:08 Chain Barding Armor
45:11 Chemistry
44:32 Ballistics
45:11 Husbandry
45:22 Bloodlines
45:34 Light Cavalry
48:59 Cavalier
50:12 Bracer
50:44 Ring Archer Armor
50:51 Plate Barding Armor
49:44 Onager
51:01 Forging
Connection lost

Rejoining the realm…

Still unreachable

The connection could not be restored.

Session expired

The server has moved on; the page needs a fresh start.